 Dungeon Crawl Stone Soup version 0.32-a0-931-g5a2cda0630 (webtiles) character file.

Game seed: 8302997271099138936

7257 horus123 the Impaler (level 10, -3/79 HPs)
             Began as a Demonspawn Fighter on Apr 14, 2024.
             Was a Priest of Sif Muna.
             Slain by a meliai zombie (8 damage)
             ... on level 9 of the Dungeon.
             The game lasted 00:17:49 (7692 turns).

horus123 the Impaler (Demonspawn Fighter)           Turns: 7692, Time: 00:17:50

Health: -3/79      AC: 18    Str: 20    XL:     10   Next: 88%
Magic:  10/10      EV:  4    Int: 10    God:    Sif Muna [***...]
Gold:   396        SH:  5    Dex: 14    Spells: 9/9 levels left

rFire   . . .        t - +2 halberd (vamp)
rCold   + . .        (shield currently unavailable)
rNeg    . . .        y - +7 plate armour {ponderous}
rPois   .            (helmet restricted)
rElec   .            (no cloak)
rCorr   .            (no gloves)
SInv    .            (no boots)
Will    .....        z - amulet of reflection Stlth
                     q - ring of wizardry
HPRegen 0.33/turn    g - ring of protection from cold
MPRegen 0.24/turn

%: reflection, wizardry (x1)
@: wreathed by umbra, slow
A: antennae 2, magic regeneration, big brain 1, foul shadow 1
a: Renounce Religion, Channel Magic, Forget Spell


You were on level 9 of the Dungeon.
You worshipped Sif Muna.
Sif Muna was most pleased with you.
You visited 2 branches of the dungeon, and saw 10 of its levels.

You collected 396 gold pieces.

Inventory:

Hand Weapons
 b - a +4 trident
 f - a +5 spear of distortion
 t - a +2 vampiric halberd (weapon)
Missiles
 i - 15 javelins (quivered)
Armour
 c - a +3 buckler
 y - a +7 plate armour of ponderousness (worn)
Jewellery
 g - a ring of protection from cold (right hand)
 q - a ring of wizardry (left hand)
 z - an amulet of reflection (around neck)
Wands
 x - a wand of mindburst (3)
 A - a wand of paralysis (8)
Scrolls
 a - 2 scrolls of immolation
 h - 6 scrolls of teleportation
 j - 2 scrolls of poison
 p - a scroll of acquirement {unknown}
 u - a scroll of noise
Potions
 d - a potion of might
 e - 2 potions of brilliance
 k - 2 potions of degeneration
 l - 2 potions of attraction
 m - a potion of heal wounds
 n - a potion of curing {unknown}
 o - 3 potions of mutation {unknown}
 r - a potion of lignification {unknown}
 v - 2 potions of haste {unknown}
 w - a potion of invisibility {unknown}
Miscellaneous
 s - a phial of floods


   Skills:
 - Level 7.0 Fighting
 + Level 16.5 Polearms
 - Level 2.6 Armour
 - Level 2.6 Shields


You had 9 spell levels left.
You didn't know any spells.
Your spell library contained the following spells:

 Spells                   Type           Power      Damage    Failure   Level
 Static Discharge         Conj/Air       0%         3-3/arc   99%         2
 Airstrike                Air            0%         2d(0-16)  100%        4
 Summon Lightning Spire   Summ/Air       0%         N/A       100%        4


Dungeon Overview and Level Annotations

Branches:
Dungeon (9/15)             Temple (1/1) D:5
   Lair: D:8-11         Orc: D:9-12

Altars:
Ashenzari
Cheibriados
Dithmenos
Fedhas
Gozag
Hepliaklqana
Kikubaaqudgha
Makhleb
Nemelex Xobeh
Okawaru
Qazlal
Ru
Sif Muna
Trog
Uskayaw
Vehumet
Wu Jian
Yredelemnul

Annotations:
D:7 2 runed translucent doors


Innate Abilities, Weirdness & Mutations

You have a pair of antennae on your head.
You regenerate magic rapidly.
You have an unusually large brain. (Int +2)
You are faintly shadowed, very rarely releasing foul flame when damaged in melee.


Message History

You block the meliai zombie's attack.
The meliai zombie hits you but does no damage.
The meliai zombie barely misses you. The meliai zombie hits you.
You block the meliai zombie's attack. The meliai zombie hits you.
* * * LOW HITPOINT WARNING * * *
The meliai zombie hits you but does no damage.
The meliai zombie completely misses you.
The meliai zombie attacks as it pursues you!
The meliai zombie hits you but does no damage.
The meliai zombie barely misses you. The meliai zombie hits you.
* * * LOW HITPOINT WARNING * * *
The meliai zombie hits you but does no damage.
The meliai zombie attacks as it pursues you!
The meliai zombie hits you but does no damage.
The meliai zombie hits you.
* * * LOW HITPOINT WARNING * * *
The meliai zombie hits you but does no damage.
The meliai zombie hits you.
* * * LOW HITPOINT WARNING * * *
Unknown command.
You hit the meliai zombie.
The meliai zombie is lightly damaged.
The meliai zombie hits you.
* * * LOW HITPOINT WARNING * * *
The meliai zombie hits you but does no damage.
You slice the meliai zombie!!
The meliai zombie is moderately damaged.
The meliai zombie hits you.
* * * LOW HITPOINT WARNING * * *
The meliai zombie is seared by the foul flame within you.
The meliai zombie resists.
The meliai zombie is heavily damaged.
The meliai zombie hits you but does no damage.
Okay, then.
Aiming: Paralyse
Press: ? - help, Shift-Dir - straight line, f - meliai zombie
Aim: a meliai zombie (heavily damaged, umbra, chance to affect: 58%)
The meliai zombie resists with significant effort.
The meliai zombie hits you!
You die...

### #.. .. #<# #.#
#######.#######.##
.......@Z.....>..#
.######.##.####..#
#.##)# #..# #.##.#
#..#
#.##)####..#######
#####.)))............#
#...........########.#
...###.##.##.# #.# k
#>$..##Z# #<#


You could see a meliai zombie.

Vanquished Creatures
  A cyclops (D:9)
  An unseen horror (D:7)
  A komodo dragon (D:7)
  A hornet (D:9)
  A meliai zombie (D:9)
  A wraith (D:7)
  2 yaks (D:9)
  A wyvern (D:7)
  A steam dragon (D:5)
  3 water moccasins
  2 orc warriors
  A sky beast (D:6)
  2 black bears
  An ogre (D:6)
  5 centaurs
  3 phantoms
  2 kobold brigands
  A bullfrog (D:8)
  2 gnoll sergeants
  6 scorpions
  10 wights
  16 killer bees
  3 howler monkeys (D:8)
  A hound (D:5)
  3 jellies
  2 gnoll boudas
  2 orc priests
  5 iguanas
  6 orc wizards
  A sleepcap (D:6)
  22 gnolls
  8 adders
  2 white imps
  3 ribbon worms
  A dart slug (D:1)
  21 orcs
  7 endoplasms
  5 giant cockroaches
  7 goblins
  10 hobgoblins
  6 jackals
  6 quokkas
  4 ball pythons
  4 bats
  3 frilled lizards
  10 kobolds
  6 rats
212 creatures vanquished.

Notes
Turn   | Place    | Note
-------+----------+-------------------------------------------
     0 | D:1      | horus123 the Demonspawn Fighter began the quest for the
                  | Orb.
     0 | D:1      | Reached XP level 1. HP: 18/18 MP: 1/1
    66 | D:1      | Reached skill level 2 in Polearms
   107 | D:1      | Gained mutation: You regenerate magic rapidly. [demonic
                  | ancestry]
   107 | D:1      | Reached XP level 2. HP: 12/24 MP: 2/2
   432 | D:1      | Reached skill level 3 in Polearms
   553 | D:1      | Gained mutation: You have a pair of small antennae on your
                  | head. [demonic ancestry]
   553 | D:1      | Reached XP level 3. HP: 29/29 MP: 3/3
  1042 | D:2      | Identified the +1 helmet "Kouleit" {*Slow Fly Int+2 Dex+3}
  1047 | D:2      | Found a faded altar of an unknown god.
  1471 | D:3      | Gained mutation: You are faintly shadowed, very rarely
                  | releasing foul flame when damaged in melee. [demonic
                  | ancestry]
  1471 | D:3      | Reached XP level 4. HP: 34/35 MP: 4/4
  1474 | D:3      | Reached skill level 4 in Polearms
  2353 | D:4      | Noticed a scorpion
  2359 | D:4      | Banished a scorpion
  2360 | D:4      | Reached skill level 5 in Polearms
  2360 | D:4      | Reached XP level 5. HP: 41/41 MP: 5/5
  2553 | D:4      | Gained mutation: You have a pair of antennae on your head.
                  | [demonic ancestry]
  2553 | D:4      | Reached XP level 6. HP: 24/47 MP: 6/6
  2674 | D:4      | Reached skill level 6 in Polearms
  3032 | D:4      | Found a basalt altar of Yredelemnul.
  3204 | D:5      | Entered Level 5 of the Dungeon
  3240 | D:5      | Found a blossoming altar of Fedhas.
  3242 | D:5      | Found a sparkling altar of Nemelex Xobeh.
  3245 | D:5      | Found a bloodstained altar of Trog.
  3245 | D:5      | Found a radiant altar of Vehumet.
  3252 | D:5      | Found a shadowy altar of Dithmenos.
  3478 | D:5      | Found a staircase to the Ecumenical Temple.
  3506 | D:5      | Reached skill level 7 in Polearms
  3590 | D:5      | Reached XP level 7. HP: 52/52 MP: 7/7
  3626 | Temple   | Entered the Ecumenical Temple
  3649 | Temple   | Became a worshipper of Sif Muna the Loreminder
  3900 | D:5      | Noticed a steam dragon
  3913 | D:5      | Killed a steam dragon
  3914 | D:5      | Reached skill level 5 in Fighting
  4031 | D:5      | Reached XP level 8. HP: 58/65 MP: 8/8
  4457 | D:6      | Reached skill level 8 in Polearms
  4538 | D:6      | Reached skill level 9 in Polearms
  4608 | D:6      | Found a broken altar of Ashenzari.
  4784 | D:6      | Reached * piety under Sif Muna
  4799 | D:6      | Reached skill level 10 in Polearms
  5187 | D:6      | You fall into a shaft and drop 2 floors!
  5287 | D:8      | Reached skill level 11 in Polearms
  5287 | D:8      | Gained mutation: You have an unusually large brain. (Int
                  | +2) [demonic ancestry]
  5287 | D:8      | Reached XP level 9. HP: 72/72 MP: 9/9
  5369 | D:8      | Reached skill level 12 in Polearms
  5627 | D:7      | Found a large runed translucent door.
  5642 | D:7      | Found a large runed translucent door.
  5678 | D:7      | Reached skill level 13 in Polearms
  5890 | D:7      | Reached ** piety under Sif Muna
  6044 | D:7      | Reached skill level 14 in Polearms
  6126 | D:7      | Found a large runed translucent door.
  6126 | D:7      | Found a large runed translucent door.
  6163 | D:7      | Killed an unseen horror
  6164 | D:7      | Reached XP level 10. HP: 55/79 MP: 10/10
  6259 | D:7      | Found the +3 warlock's mirror {omnireflect}
  6420 | D:7      | Reached skill level 15 in Polearms
  7126 | D:8      | Reached *** piety under Sif Muna
  7259 | D:9      | Noticed a cyclops
  7271 | D:9      | Killed a cyclops
  7507 | D:9      | Reached skill level 16 in Polearms
  7675 | D:9      | Paralysed by a hornet for 2 turns
  7692 | D:9      | Slain by a meliai zombie

Illustrated notes

Levels and vault maps discovered:
D:1:      dpeg_arrival_arbitrary_a, layout_basic, st_stairs_7, dk_noncrumbling_4
D:2:      layout_basic, chequers_ecumenical_altar_grove
D:3:      layout_basic, serial_co_window_serial, co_window_paths_a,
          co_window_paths_a, co_window_corner_a, co_window_of_opportunity_a,
          co_window_paths_b, co_window_corner_a, co_window_corner_b,
          co_window_unsneaky_path_d, co_window_broadway_a, co_window_broadway_c,
          co_window_corner_ca, co_window_paths_d, glass_columns_a
D:4:      layout_basic, mainiacjoe_overflow_alcove_4
D:5:      layout_basic, nicolae_overflow_hallway_of_the_gods,
          minmay_temple_entry_stoned_glass, corexii_shack,
          minmay_manual_monstrance
D:6:      layout_gridville, mainiacjoe_overflow_six_doors_small
D:7:      layout_cave_pools, kennysheep_donut, minmay_hollow_rounded_squares
D:8:      layout_basic, serial_library_regret_index_double_sided
D:9:      bobbens_index_wilting_gardens, layout_loops_ring
Temple:   nicolae_temple_superstar

Skill      XL: |  1  2  3  4  5  6  7  8  9 10 |
---------------+-------------------------------+-----
Polearms       | 2 3 5 7 11 14 16 | 16.5
Fighting       | 6 7 |  7.0
Armour         | |  2.6
Shields        | |  2.6

Action                     |  1- 3 |  4- 6 |  7- 9 | 10-12 || total
---------------------------+-------+-------+-------+-------++-------
  Melee: Trident           |    51 |       |       |       ||    51
         Spear             |    60 |   115 |   271 |   154 ||   600
         Halberd           |       |       |       |    57 ||    57
  Throw: Javelin           |       |     1 |       |     2 ||     3
  Evoke: Wand              |       |       |       |     1 ||     1
    Use: Scroll            |       |     4 |    13 |     2 ||    19
         Potion            |       |       |     1 |     2 ||     3
   Stab: Distracted        |       |       |     1 |       ||     1
 Armour: Scale mail        |    57 |    34 |    30 |       ||   121
         Chain mail        |       |       |    77 |     9 ||    86
         Plate armour      |       |       |       |   171 ||   171
  Dodge: Dodged            |    33 |    17 |    29 |    43 ||   122
  Block: Buckler           |    17 |    13 |    20 |    23 ||    73
         Other             |       |       |       |    22 ||    22

Table legend: (Time is in decaauts)
 A = Elapsed time spent in this place.
 B = Non-inter-level travel time spent in this place.
 C = Inter-level travel time spent in this place.
 D = Time resting spent in this place.
 E = Time spent auto-exploring this place.
 F = Levels seen in this place.
 G = Mean time per level.
                   A        B        C        D        E       F      G
               +--------+--------+--------+--------+--------+-----+--------+
         Total |   7566 |   7244 |    322 |    295 |   5583 |  10 |  756.6 |
       Dungeon |   7523 |   7220 |    303 |    295 |   5583 |   9 |  835.9 |
        Temple |     42 |     23 |     19 |      0 |      0 |   1 |   42.0 |
               +--------+--------+--------+--------+--------+-----+--------+

Top non-repeatable levels by time:
     D:5: 1161 daAuts
     D:8: 1115 daAuts
     D:4: 1036 daAuts
     D:3: 946 daAuts
     D:7: 882 daAuts
     D:1: 743 daAuts
     D:6: 740 daAuts
     D:2: 477 daAuts
     D:9: 421 daAuts
  Temple: 42 daAuts
